 Dungeon Crawl Stone Soup version 0.29-a0-384-g6960b1960d (webtiles) character file.

Game seed: 6567202204962306112

1796 siradein the Destroyer (level 8, 0/78 HPs)
             Began as a Demonspawn Conjurer on May 7, 2022.
             Succumbed to a hornet's poison
             ... on level 7 of the Dungeon.
             The game lasted 00:18:41 (7136 turns).

siradein the Destroyer (Demonspawn Conjurer)        Turns: 7136, Time: 00:18:41

Health: 0/78       AC:  8    Str:  8    XL:     8   Next: 83%
Magic:  4/19       EV: 16    Int: 22    God:
Gold:   405        SH:  3    Dex: 11    Spells: 6/22 levels left

rFire   . . .      SeeInvis .   x - +3 morningstar (freeze)
rCold   . . .      Faith    .   C - +0 buckler
rNeg    . . .      Spirit   .   z - +0 steam dragon scales
rPois   .          Reflect  .   (helmet restricted)
rElec   .          Harm     .   (no cloak)
rCorr   .          Rampage  .   (no gloves)
Will    +....                   j - +2 pair of boots
Stlth   ..........              (no amulet)
HPRegen 0.23/turn               c - ring of willpower
MPRegen 0.16/turn               (no ring)

@: agile, berserking (expiring), lethally poisoned (0 -> -7), slowed
A: horns 1, powered by pain 2, spiny 2
a: no special abilities


You were on level 7 of the Dungeon.
You visited 2 branches of the dungeon, and saw 8 of its levels.

You collected 405 gold pieces.

Inventory:

Hand Weapons
 x - a +3 morningstar of freezing (weapon)
Armour
 j - a +2 pair of boots (worn)
 z - +0 steam dragon scales (worn)
 C - a +0 buckler (worn)
Jewellery
 c - a ring of willpower (left hand)
 A - a ring of fire
Wands
 n - a wand of iceblast (11)
 s - a wand of polymorph (12)
Scrolls
 a - 2 scrolls of fog
 d - a scroll of fear
 f - a scroll of poison {unknown}
 g - 4 scrolls of teleportation
 o - a scroll of brand weapon {unknown}
 p - 2 scrolls of amnesia {unknown}
 r - a scroll of acquirement {unknown}
 t - 2 scrolls of silence {unknown}
 y - a scroll of noise {unknown}
Potions
 b - a potion of magic
 e - a potion of lignification
 h - a potion of berserk rage
 i - a potion of invisibility
 k - a potion of mutation {unknown}
 l - a potion of attraction {unknown}
 m - a potion of curing {unknown}
 q - 2 potions of might {unknown}
 u - 2 potions of resistance {unknown}
 v - a potion of brilliance {unknown}
 w - 2 potions of ambrosia {unknown}


   Skills:
 - Level 1.7 Dodging
 - Level 1.7 Stealth
 + Level 7.6 Spellcasting
 + Level 9.1 Conjurations


You had 6 spell levels left.
You knew the following spells:

 Your Spells              Type           Power      Damage    Failure   Level
a - Magic Dart            Conj           100%       1d8       1%          1
b - Searing Ray           Conj           96%        2d7       1%          2
c - Fulminant Prism       Conj/Hex       14%        3d9       16%         4
d - Iskenderun's Mystic   Conj/Tloc      28%        2d7       16%         4
e - Lightning Bolt        Conj/Air       14%        1d27      41%         5

Your spell library contained the following spells:

 Spells                   Type           Power      Damage    Failure   Level
 Static Discharge         Conj/Air       28%        N/A       2%          2
 Dazzling Flash           Conj/Hex       56%        N/A       4%          3
 Apportation              Tloc           16%        N/A       11%         1
 Beastly Appendage        Tmut           16%        N/A       11%         1
 Pain                     Necr           32%        1d5       11%         1
 Slow                     Hex            32%        N/A       11%         1
 Sting                    Tmut/Pois      32%        1d4       11%         1
 Poisonous Vapours        Pois/Air       16%        N/A       16%         2
 Wereblood                Tmut           8%         N/A       16%         2
 Confusing Touch          Hex            8%         N/A       30%         3
 Spider Form              Tmut/Pois      8%         N/A       30%         3
 Vampiric Draining        Necr           8%         2d6       30%         3
 Olgreb's Toxic Radiance  Pois           8%         N/A       71%         4
 Agony                    Necr           8%         N/A       96%         5
 Alistair's Intoxication  Tmut/Pois      5%         N/A       96%         5
 Excruciating Wounds      Necr           4%         N/A       96%         5
 Maxwell's Capacitive Co  Air            4%         ∞         100%        8


Dungeon Overview and Level Annotations

Branches:
Dungeon (7/15)             Temple (1/1) D:6

Altars:
Ashenzari
Cheibriados
Elyvilon
Gozag
Hepliaklqana
Kikubaaqudgha
Makhleb
Nemelex Xobeh
Okawaru
Qazlal
Ru
Sif Muna
Trog
Uskayaw
Wu Jian
Xom
Yredelemnul
Zin
The Shining One

Shops:
D:6 *


Innate Abilities, Weirdness & Mutations

You have a pair of small horns on your head.
You sometimes gain power by taking damage.
You are mostly covered in sharp spines.


Message History

The hornet stings you but does no damage. x2
You miss the hornet.
The hornet is almost dead.
You feel yourself speed up.
You feel very sick.
The hornet stings you but does no damage.
The hornet is struck by your spines. The hornet stings you!
You focus on the pain.
You feel agile all of a sudden.
You feel yourself slow down. The hornet stings you.
* * * LOW HITPOINT WARNING * * *
You are more poisoned.
You suddenly lose the ability to move!
* * * LOW HITPOINT WARNING * * *
You feel very sick.
The hornet stings you but does no damage.
* * * LOW HITPOINT WARNING * * *
You feel very sick.
The hornet stings you but does no damage.
The hornet is struck by your spines. The hornet stings you.
* * * LOW HITPOINT WARNING * * *
You feel as though you will be slow longer.
You can move again.
Unknown command.
Unknown command.
Unknown command.
You closely miss the hornet. Your headbutt misses the hornet.
The hornet is almost dead.
* * * LOW HITPOINT WARNING * * *
You feel very sick. The hornet is struck by your spines.
You kill the hornet!
Your Conjurations skill increases to level 9!
Unknown command.
Unknown command.
You are too berserk!
* * * LOW HITPOINT WARNING * * *
You feel sick.
You feel a strong urge to attack something.
You die...

#. #.# #. #.#
#. #.# #. #.#
###########.#
#.#
............#
#.# #.# #.#
#†#######.#
#@........#
###########


There were no monsters in sight!

Vanquished Creatures
  A hornet (D:7)
  2 dream sheep (D:5)
  2 steam dragons
  An ogre (D:5)
  A centaur (D:5)
  A phantom (D:6)
  A gnoll sergeant (D:6)
  2 necrophages
  2 scorpions (D:5)
  4 wights (D:5)
  A hound (D:5)
  2 orc priests (D:5)
  A jelly (D:7)
  Jessica (D:2)
  An iguana (D:4)
  An orc wizard (D:5)
  3 gnolls (D:6)
  6 adders
  4 white imps
  An ufetubus (D:4)
  A dart slug (D:5)
  5 orcs
  8 ball pythons
  2 bats (D:2)
  4 endoplasms
  A giant cockroach (D:1)
  12 goblins
  6 hobgoblins
  8 jackals
  8 kobolds
  2 quokkas (D:5)
  8 frilled lizards
  11 rats
114 creatures vanquished.

Vanquished Creatures (others)
  3 dream sheep (D:5)
  2 fulminant prisms
5 creatures vanquished.

Grand Total: 119 creatures vanquished

Notes
Turn   | Place    | Note
-------+----------+-------------------------------------------
     0 | D:1      | siradein the Demonspawn Conjurer began the quest for the
                  | Orb.
     0 | D:1      | Reached XP level 1. HP: 13/13 MP: 3/3
   280 | D:1      | Gained mutation: You are partially covered in sharp spines.
                  | [demonic ancestry]
   280 | D:1      | Reached XP level 2. HP: 19/19 MP: 3/5
   358 | D:1      | Learned a level 2 spell: Searing Ray
  1152 | D:2      | Found a faded altar of an unknown god.
  1188 | D:2      | Gained mutation: You sometimes gain a little power by
                  | taking damage. [demonic ancestry]
  1188 | D:2      | Reached XP level 3. HP: 24/24 MP: 4/7
  1289 | D:2      | Noticed Jessica
  1292 | D:2      | Killed Jessica
  1448 | D:2      | Gained mutation: You sometimes gain power by taking damage.
                  | [demonic ancestry]
  1448 | D:2      | Reached XP level 4. HP: 30/30 MP: 4/8
  1725 | D:2      | Reached skill level 5 in Conjurations
  2356 | D:2      | Learned a level 4 spell: Fulminant Prism
  2951 | D:3      | Noticed a necrophage
  2968 | D:3      | Killed a necrophage
  2969 | D:3      | Gained mutation: You have a pair of small horns on your
                  | head. [demonic ancestry]
  2969 | D:3      | Reached XP level 5. HP: 31/35 MP: 1/10
  3281 | D:3      | Found a sparkling altar of Nemelex Xobeh.
  3669 | D:4      | Found a snail-covered altar of Cheibriados.
  4120 | D:5      | Entered Level 5 of the Dungeon
  4189 | D:5      | Reached skill level 6 in Conjurations
  4189 | D:5      | Reached XP level 6. HP: 37/41 MP: 5/12
  4528 | D:5      | Reached skill level 5 in Spellcasting
  4642 | D:5      | Gained mutation: You are mostly covered in sharp spines.
                  | [demonic ancestry]
  4642 | D:5      | Reached XP level 7. HP: 33/46 MP: 9/14
  5114 | D:5      | Reached skill level 7 in Conjurations
  5293 | D:5      | Noticed a dream sheep
  5293 | D:5      | Noticed a dream sheep
  5293 | D:5      | Noticed a dream sheep
  5293 | D:5      | Noticed a dream sheep
  5293 | D:5      | Noticed a dream sheep
  5293 | D:5      | Found a shimmering altar of Xom.
  5294 | D:5      | Killed a dream sheep
  5295 | D:5      | Killed a dream sheep
  5296 | D:5      | Killed a dream sheep
  5298 | D:5      | Killed a dream sheep
  5299 | D:5      | Killed a dream sheep
  5300 | D:5      | Reached XP level 8. HP: 52/52 MP: 8/17
  5417 | D:5      | Reached skill level 8 in Conjurations
  5824 | D:6      | Found a stormy altar of Qazlal.
  5828 | D:6      | Noticed an air elemental
  6072 | D:6      | Found a staircase to the Ecumenical Temple.
  6082 | Temple   | Entered the Ecumenical Temple
  6322 | D:6      | Learned a level 4 spell: Iskenderun's Mystic Blast
  6328 | D:6      | Learned a level 5 spell: Lightning Bolt
  6399 | D:6      | Found Piunely's Assorted Antiques.
  6401 | D:6      | Identified the +5 flail of Hehaukk {antimagic, rElec}
  7118 | D:7      | Noticed a hornet
  7131 | D:7      | Paralysed by a hornet for 3 turns
  7134 | D:7      | HP: 3/78 [poisoned by a hornet]
  7134 | D:7      | Killed a hornet
  7135 | D:7      | Reached skill level 9 in Conjurations
  7135 | D:7      | HP: 1/78 [poisoned by a hornet]
  7136 | D:7      | Succumbed to a hornet's poison

Illustrated notes

Levels and vault maps discovered:
D:1:      dpeg_arrival_radiant, layout_loops_cross, st_stairs_1,
          minmay_fountain_box
D:2:      layout_basic, nicolae_ecumenical_oubliette, basic_altar,
          minmay_large_rounded_square, uniq_jessica
D:3:      layout_basic, mainiacjoe_overflow_brackets
D:4:      layout_rooms, lemuel_crystal_altar, minmay_tree_intersection
D:5:      layout_basic, kb_xom_exploding_sheep, mrwooster_statue_mirror,
          amcnicky_mini_pool_small, nicolae_concentric_dashed_squares_mild
D:6:      cheibrodos_quashed, layout_basic, nicolae_qazlal_style_of_elements,
          minmay_temple_entry_offerings, serial_shops, shop
D:7:      layout_loops_ring, mainiacjoe_overflow_cross_hatched,
          minmay_shattered_shrine, uniq_pikel
Temple:   minmay_freezing_vapour_temple

Skill      XL: |  1  2  3  4  5  6  7  8 |
---------------+-------------------------+-----
Spellcasting   | 3 4 5 6 7 |  7.6
Conjurations   | 5 6 7 9 |  9.1
Dodging        | |  1.7
Stealth        | |  1.7

Action                   |  1- 3 |  4- 6 |  7- 9 || total
-------------------------+-------+-------+-------++-------
Melee: Unarmed           |     3 |       |       ||     3
       Morningstar       |       |       |     4 ||     4
Throw: Throwing net      |       |       |     1 ||     1
 Cast: Magic Dart        |    55 |   101 |    57 ||   213
       Searing Ray       |       |    12 |    19 ||    31
       Iskenderun's Myst |       |       |     2 ||     2
       Fulminant Prism   |       |       |     2 ||     2
Evoke: Wand              |       |       |     1 ||     1
  Use: Scroll            |     3 |     5 |     2 ||    10
       Potion            |       |       |     1 ||     1
Armor: Leather armour    |       |     2 |       ||     2
       Steam dragon scal |       |       |    11 ||    11
Dodge: Dodged            |     2 |     5 |    14 ||    21
Block: Buckler           |       |       |     2 ||     2

Table legend: (Time is in decaauts)
 A = Elapsed time spent in this place.
 B = Non-inter-level travel time spent in this place.
 C = Inter-level travel time spent in this place.
 D = Time resting spent in this place.
 E = Time spent auto-exploring this place.
 F = Levels seen in this place.
 G = Mean time per level.
                   A        B        C        D        E       F      G
               +--------+--------+--------+--------+--------+-----+--------+
         Total |   7140 |   6991 |    149 |    329 |   5767 |   8 |  892.5 |
       Dungeon |   7123 |   6974 |    149 |    329 |   5757 |   7 | 1017.6 |
        Temple |     16 |     16 |      0 |      0 |     10 |   1 |   16.0 |
               +--------+--------+--------+--------+--------+-----+--------+

Top non-repeatable levels by time:
     D:5: 1693 daAuts
     D:2: 1218 daAuts
     D:6: 1187 daAuts
     D:1: 1171 daAuts
     D:3: 1108 daAuts
     D:4: 622 daAuts
     D:7: 120 daAuts
  Temple: 16 daAuts
